AoeStats
← Dark Woinic

Hideout

507964663Analyzed
1v1 RM · 11d ago on Sep 20, 2026· 33m 49s· 2 players
Game mode
Random Map
Map size
Tiny (2 player)
Population
200
Speed
Normal
Resources
Standard
Victory
Conquest
Starting age
Dark Age
Ending age
Imperial Age
RankedLock teamsTeams togetherTeam positionsShared explorationLock speedFull tech treeHidden civsTurbo modeCheats
Victory
Defeat
🇷🇴 Ethiopians · Romania
1005
+18
🇫🇷 Tupi · France
1040
-18
ValiZa
10:15 Feudal Age
12:07 Loom
14:28 Castle Age
13:15 Double-Bit Axe
16:22 Bow Saw
16:56 Crossbowman
17:41 Horse Collar
18:25 Loom
18:26 Town Watch
18:53 Fletching
20:26 Heavy Plow
22:45 Wheelbarrow
22:30 Bodkin Arrow
23:28 Padded Archer Armor
23:59 Thumb Ring
27:38 Hand Cart
27:51 Gold Mining
27:54 Stone Mining
29:16 Scale Mail Armor
29:33 Leather Archer Armor
33:00 Imperial Age
31:41 Gold Shaft Mining
31:26 Chain Mail Armor
31:22 Forging
33:52 Bracer
34:23 Ring Archer Armor
33:25 Arbalester
Dark Woinic
11:12 Feudal Age
12:38 Loom
16:04 Castle Age
14:25 Double-Bit Axe
15:18 Horse Collar
17:10 Fletching
20:07 Champi Runner
21:22 Champi Warrior
27:16 Scale Mail Armor
29:54 Chain Mail Armor
29:38 Bodkin Arrow
30:19 Ballistics
Connection lost

Rejoining the realm…

Still unreachable

The connection could not be restored.

Session expired

The server has moved on; the page needs a fresh start.